 Dungeon Crawl Stone Soup version 0.27.0-1-g7a089689b8 (webtiles) character file.

Game seed: 420357439678123745

4718 dtburroughs the Cleaver (level 10, 0/89 (90) HPs)
             Began as a Minotaur Berserker on Aug 8, 2021.
             Was an Elder of Trog.
             Slain by a wight (13 damage)
             ... on level 8 of the Dungeon.
             The game lasted 00:13:26 (9828 turns).

dtburroughs the Cleaver (Minotaur Berserker)        Turns: 9828, Time: 00:13:26

HP:   0/89 (90)     AC: 14    Str: 21    XL:     10   Next: 22%
MP:   9/9           EV: 10    Int:  7    God:    Trog [****..]
Gold: 409           SH:  0    Dex: 11    Spells: 9/9 levels left

rFire    . . .     SeeInvis .   E - +5 battleaxe
rCold    . . .     Faith    .   (shield currently unavailable)
rNeg     . . .     Spirit   .   H - +0 chain mail
rPois    .         Reflect  .   (helmet restricted)
rElec    .         Harm     +   e - scarf {harm}
rCorr    .         Rampage  .   r - +2 pair of gloves
Will     .....                  (no boots)
Stlth    ..........             (no amulet)
HPRegen  0.24/turn              (no ring)
MPRegen  0.11/turn              (no ring)

@: on berserk cooldown, slowed, lightly drained, very slow
A: horns 2, retaliatory headbutt
a: Renounce Religion, Berserk, Trog's Hand, Brothers in Arms


You were on level 8 of the Dungeon.
You worshipped Trog.
Trog was greatly pleased with you.
You visited 1 branch of the dungeon, and saw 8 of its levels.
You also visited: Sewer.

You collected 409 gold pieces.

Inventory:

Hand Weapons
 q - a +3 hand axe of flaming
 s - a +0 war axe
 D - a +3 battleaxe of freezing
 E - a +5 battleaxe (weapon)
Armour
 e - a scarf of harm (worn)
 r - a +2 pair of gloves (worn)
 H - a +0 chain mail (worn)
Wands
 l - a wand of paralysis (16)
Scrolls
 b - 2 scrolls of enchant weapon {unknown}
 d - a scroll of amnesia {unknown}
 f - 3 scrolls of teleportation {unknown}
 i - 3 scrolls of torment
 k - 2 scrolls of immolation
 m - 3 scrolls of enchant armour {unknown}
 n - 2 scrolls of holy word {unknown}
 o - 2 scrolls of identify {unknown}
 t - a scroll of noise {unknown}
 y - 4 scrolls of fog
 z - a scroll of magic mapping {unknown}
 A - 2 scrolls of fear
 B - 3 scrolls of blinking {unknown}
 G - a scroll of silence {unknown}
Potions
 a - 2 potions of might
 c - 2 potions of mutation {unknown}
 g - 2 potions of brilliance {unknown}
 h - 5 potions of curing
 j - 5 potions of heal wounds {unknown}
 u - 2 potions of flight {unknown}
 v - a potion of magic {unknown}
 w - 3 potions of haste {unknown}
 x - a potion of lignification {unknown}
 C - 2 potions of degeneration {unknown}
 F - a potion of experience {unknown}


   Skills:
 + Level 8.9 Fighting
 + Level 9.0 Axes
 + Level 8.5 Armour
 + Level 7.7 Dodging
 + Level 5.7 Evocations


You had 9 spell levels left.
You didn't know any spells.
Your spell library was empty.

Dungeon Overview and Level Annotations

Branches:
Dungeon (8/15)             Temple (0/1) D:4           Sewer (visited)
   Lair: D:8-11

Altars:
Elyvilon
Makhleb
Nemelex Xobeh
Trog
Uskayaw
Xom


Innate Abilities, Weirdness & Mutations

You have a pair of horns on your head.
You reflexively headbutt those who attack you in melee.


Message History

You closely miss the hornet.
The hornet is moderately wounded.
You feel very sick.
The hornet stings you but does no damage.
The hornet stings you.
You feel as though you will be slow longer.
You slash the hornet!
The hornet is almost dead.
You feel very sick. The hornet stings you!
You are more poisoned.
You feel as though you will be slow longer.
You slice the hornet!!
You kill the hornet!
Trog accepts your kill.
You feel very sick.
Your Axes skill increases to level 9! 3 wights come into view.
A wight is wielding a +1 morningstar of protection.
You feel very sick.
You feel a strong urge to attack something.
You are no longer berserk.
You are exhausted.
You feel as though you will be slow longer.
You feel very sick.
You feel very sick.
You feel very sick. The wight hits you with a +3 flail.
* * * LOW HITPOINT WARNING * * *
You feel drained.
* * * LOW HITPOINT WARNING * * *
A wight comes into view. It is wielding a +5 halberd.
It was a potion of curing.
You feel better. The wight barely misses you. You furiously retaliate!
You headbutt the wight, but do no damage.
The wight closely misses you. The wight hits you with a +3 flail!
* * * LOW HITPOINT WARNING * * *
The wight hits you with a +3 flail!
You die...

##..# ###.......
#..## ###...#.....
#...#####...###.....
#####..##....###
#.....
##.###......###
#..... #...##....###
#..... #........##
##..... ##.......#
#.....# #......@.#
#...### #......zz#
#..## #........#
#.## #.......z## ###
#.....##.z###
#....z####..#
#.............#
#..............#
#.....zz.......#


You could see 5 wights.

Vanquished Creatures
  A two-headed ogre (D:5)
  Pikel (D:6)
  A gargoyle (D:7)
  A hornet (D:8)
  Sigmund (D:6)
  Menkaure (D:5)
  A water moccasin (D:6)
  2 orc warriors
  3 sky beasts
  An ice beast (D:7)
  A necrophage (D:7)
  An ogre (D:5)
  A black bear (D:7)
  3 centaurs
  2 phantoms
  2 lemures (D:6)
  4 bullfrogs
  A wyvern zombie (D:5)
  2 scorpions (D:5)
  A wyvern skeleton (D:6)
  3 wights (D:5)
  3 howler monkeys
  A crimson imp (D:5)
  A centaur zombie (D:8)
  Crazy Yiuf (D:3)
  A hound (D:4)
  A bullfrog skeleton (D:7)
  3 orc priests
  A jelly (D:5)
  Natasha (thrice) (D:3)
  3 orc wizards
  A hound skeleton (D:4)
  11 adders
  4 gnolls (D:7)
  2 river rats (Sewer)
  A shadow imp (D:7)
  3 white imps (D:7)
  An adder skeleton (D:4)
  3 dart slugs
  23 orcs
  15 ball pythons
  10 endoplasms
  9 giant cockroaches
  3 goblins
  5 hobgoblins
  4 jackals (D:1)
  4 quokkas
  A bat (D:1)
  6 frilled lizards
  7 kobolds
  27 rats
  A butterfly (D:4)
193 creatures vanquished.

Vanquished Creatures (others)
  A fungus (D:1)
  A plant (D:1)
2 creatures vanquished.

Grand Total: 195 creatures vanquished

Notes
Turn   | Place    | Note
-------+----------+-------------------------------------------
     0 | D:1      | dtburroughs the Minotaur Berserker began the quest for the
                  | Orb.
     0 | D:1      | Reached XP level 1. HP: 19/19 MP: 0/0
   245 | D:1      | Reached XP level 2. HP: 26/27 MP: 1/1
   770 | D:1      | Reached skill level 4 in Axes
   796 | D:1      | Found a faded altar of an unknown god.
  1037 | D:2      | Reached ** piety under Trog
  1064 | D:2      | Reached XP level 3. HP: 33/33 MP: 2/2
  2155 | D:3      | Noticed Natasha
  2161 | D:3      | Killed Natasha
  2162 | D:3      | Reached XP level 4. HP: 41/41 MP: 3/3
  2216 | D:3      | Noticed Natasha
  2224 | D:3      | Killed Natasha
  2271 | D:3      | Noticed Natasha
  2276 | D:3      | Killed Natasha
  2277 | D:3      | Reached XP level 5. HP: 47/47 MP: 4/4
  2306 | D:3      | Found a runed translucent door.
  2307 | D:3      | Noticed Crazy Yiuf
  2645 | D:3      | Killed Crazy Yiuf
  2829 | D:4      | Found a hide-covered altar of Uskayaw.
  2857 | D:4      | Reached skill level 1 in Evocations
  3011 | D:4      | Found a staircase to the Ecumenical Temple.
  3035 | D:4      | Found a bloodstained altar of Trog.
  3111 | D:4      | Noticed a phantom
  3121 | D:4      | Killed a phantom
  3122 | D:4      | Reached skill level 5 in Fighting
  3122 | D:4      | Reached skill level 5 in Axes
  3122 | D:4      | Reached XP level 6. HP: 25/56 MP: 5/5
  3131 | D:4      | Found a glowing drain.
  3142 | Sewer    | Entered a sewer
  3344 | Sewer    | Reached *** piety under Trog
  3704 | Sewer    | Reached XP level 7. HP: 54/61 MP: 6/6
  3916 | D:4      | Reached **** piety under Trog
  4246 | D:5      | Entered Level 5 of the Dungeon
  4503 | D:5      | Noticed Menkaure
  4680 | D:5      | Killed Menkaure
  4681 | D:5      | Reached skill level 5 in Armour
  4937 | D:5      | Noticed a two-headed ogre
  4947 | D:5      | Killed a two-headed ogre
  4948 | D:5      | Reached skill level 6 in Axes
  4948 | D:5      | Reached skill level 5 in Dodging
  4948 | D:5      | Reached XP level 8. HP: 52/71 MP: 7/7
  5316 | D:5      | Found a shimmering altar of Xom.
  5317 | D:5      | Found a burning altar of Makhleb.
  5337 | D:5      | Reached skill level 7 in Axes
  5974 | D:6      | Noticed Pikel
  5978 | D:6      | Noticed Sigmund
  5989 | D:5      | Reached XP level 9. HP: 51/79 MP: 8/8
  6317 | D:6      | Killed Pikel
  6652 | D:6      | Killed Sigmund
  6722 | D:6      | Reached skill level 8 in Axes
  7728 | D:6      | Reached skill level 5 in Evocations
  8642 | D:7      | Noticed a gargoyle
  8655 | D:7      | Killed a gargoyle
  8656 | D:7      | Reached XP level 10. HP: 45/90 MP: 9/9
  9233 | D:7      | Found a sparkling altar of Nemelex Xobeh.
  9260 | D:7      | Found a white marble altar of Elyvilon.
  9815 | D:8      | Paralysed by a hornet for 2 turns
  9822 | D:8      | Reached skill level 9 in Axes
  9828 | D:8      | Slain by a wight

Illustrated notes

Levels and vault maps discovered:
D:1:      heliophobic_arrival_ceremonial_halls, layout_rooms,
          dreamdust_ecumenical_altar_hidden_monk_grotto
D:2:      layout_loops_corners, minmay_worlds_worst_comb
D:3:      layout_rooms, uniq_crazy_yiuf_cottage, uniq_natasha
D:4:      layout_loops_ring, old_standard_altar,
          mainiacjoe_overflow_six_doors_small, minmay_temple_entry_butterflies,
          portal_sewer_entry_f
D:5:      layout_gridville, grunt_temple_overflow_champion_of_chaos,
          uniq_menkaure
D:6:      layout_loops_ring, uniq_pikel, uniq_sigmund
D:7:      layout_loops_ring, amethyst_overflow_temple_binary, st_stairs_3,
          hex_large, grunt_ministairs_9, corexii_hall_statues_i
D:8:      layout_cave_pods

Skill      XL: |  1  2  3  4  5  6  7  8  9 10 |
---------------+-------------------------------+-----
Fighting       | 4 5 6 7 8 |  8.9
Axes           | 4 5 6 7 8 9 |  9.0
Armour         | 3 4 6 8 |  8.5
Dodging        | 3 4 5 6 7 |  7.7
Evocations     | 1 2 3 4 5 |  5.7

Action                   |  1- 3 |  4- 6 |  7- 9 | 10-12 || total
-------------------------+-------+-------+-------+-------++-------
Melee: Hand axe          |    75 |   133 |    34 |       ||   242
       Headbutt          |    13 |    12 |    25 |     6 ||    56
       Battleaxe         |       |       |   102 |    41 ||   143
Invok: Berserk           |     2 |       |     4 |     1 ||     7
       Trog's Hand       |       |       |     3 |       ||     3
  Use: Scroll            |       |       |     4 |       ||     4
       Potion            |       |       |       |     1 ||     1
 Stab: Sleeping          |     1 |       |       |       ||     1
Armor: Animal skin       |    16 |       |       |       ||    16
       Ring mail         |       |    52 |    53 |     9 ||   114
       Chain mail        |       |       |       |     9 ||     9
Dodge: Dodged            |    52 |   111 |    91 |    20 ||   274
